cohdb
Replays
Latest Replays
All Replays
Popular Replays
Top Player Replays
Match Explorer
How It Works
Community
CoH3 Stats
Reddit
Sign in to upload your games and track your stats! →
Sign in with Steam
Match 46731308
Unlisted
Match 46731308
Overview
Messages
Build Orders
End
Construct Infanterie Kompanie
Grenadier Squad
MG 42 Machine Gun Team
Selects Breakthrough Battlegroup
Selects Assault Grenadiers
Grenadier Squad
GrW 34 Mortar Team
Construct Luftwaffe Kompanie
Selects Rapid Production
221 Scout Car
Jäger Squad
Selects Breakthrough
Support Elements
Wirbelwind Flakpanzer
Side Skirts
Luftwaffe Officer Quarters
Selects Mechanized Assault Group
Marder III M Tank Destroyer
Mechanized Assault Group
Medical Station
Selects Blitzkrieg
Breakthrough
Wirbelwind Flakpanzer
Marder III M Tank Destroyer
Jäger Squad
Selects Tiger Heavy Tank
Tiger Heavy Tank
Breakthrough
Jäger Squad
Blitzkrieg
qwedcasxz
YourMom'sPiesSoHotRightNow
K̳itsuné
aSIIDemolitionHammer
0
0
Comments
sign in to comment!
No comments posted yet!